 Dungeon Crawl Stone Soup version 0.26.1-2-gb8aa6d0cf2 (webtiles) character file.

Game seed: 17310080201380571568

171865 Amaterasu the Fencer (level 17, -1/135 HPs)
             Began as a Demonspawn Fighter on Feb 16, 2021.
             Was an Initiate of Gozag.
             Slain by a +2 dire flail of holy wrath (23 damage)
             ... on level 2 of the Elven Halls.
             The game lasted 01:02:14 (35205 turns).

Amaterasu the Fencer (Demonspawn Fighter)          Turns: 35205, Time: 01:02:15

Health: -1/135     AC: 30    Str: 29    XL:     17   Next: 40%
Magic:  17/17      EV: 12    Int: 12    God:    Gozag
Gold:   5892       SH: 20    Dex: 14    Spells: 16/16 levels left

rFire    + + +     SeeInvis +   a - +9 falchion of Xuimp {vamp, Will+ Int+3}
rCold    . . .     Faith    .   Q - +0 tower shield
rNeg     + . .     Spirit   .   i - +4 chain mail {Will+}
rPois    .         Reflect  .   (helmet unavailable)
rElec    +         Harm     .   W - +1 cloak {rCorr}
rCorr    +         Rampage  .   s - +2 pair of gloves
Will     +++++     Clarity  +   Z - +2 pair of boots {run}
Stlth    ..........             u - amulet "Riast" {RegenMP rF+ rN+ Will++ Stlth-}
HPRegen  0.32/turn              H - +6 ring of strength
MPRegen  0.40/turn              K - ring of see invisible

@: quick
A: horns 3, molten scales 3, clarity, demonic guardian 1, fire resistance 1,
shaggy fur 1, electricity resistance, flame cloud immunity
a: Renounce Religion, Potion Petition, Call Merchant, Bribe Branch


You were on level 2 of the Elven Halls.
You worshipped Gozag.
Gozag was greatly pleased with you.
You visited 4 branches of the dungeon, and saw 25 of its levels.
You also visited: Gauntlet.

You collected 12081 gold pieces.
You spent 4108 gold pieces at shops.
You paid 2081 gold pieces to Gozag.

Inventory:

Hand Weapons
 a - the +9 falchion of Xuimp (weapon) {vamp, Will+ Int+3}
   (You bought it in a shop on level 10 of the Dungeon)

   It inflicts no extra harm, but heals its wielder when it wounds a living foe.
   It affects your intelligence (+3).
   It affects your willpower, your defense against some magical effects.
 E - the +6 falchion "Obygg" {vorpal, +Blink Will+}
   (You found it on level 9 of the Dungeon)

   It inflicts extra damage upon your enemies.
   It affects your willpower, your defense against some magical effects.
   It lets you blink.
Armour
 i - a +4 chain mail of willpower (worn)
 s - a +2 pair of gloves (worn)
 Q - a +0 tower shield (worn)
 W - a +1 cloak of preservation (worn)
 Z - a +2 pair of boots of running (worn)
Jewellery
 e - an uncursed ring of fire
 f - an uncursed ring of resist corrosion
 u - the amulet "Riast" (around neck) {RegenMP rF+ rN+ Will++ Stlth-}
   (You acquired it on level 14 of the Dungeon)

   [amulet of magic regeneration]

   It increases your magic regeneration.
   It protects you from fire.
   It protects you from negative energy.
   It affects your willpower, your defense against some magical effects.
   It makes you less stealthy.
 v - the macabre finger necklace {rN+}
   (You took it off Nessos on level 4 of the Lair of Beasts)

   [amulet of nothing]

   It protects you from negative energy.
 B - an uncursed ring of ice
 H - a +6 ring of strength (left hand)
 K - a ring of see invisible (right hand)
 R - a +4 ring of evasion
Wands
 r - a wand of paralysis (37)
 w - a wand of random effects (41)
 C - a wand of polymorph (35)
 D - a wand of iceblast (10)
 L - a wand of digging (5)
 P - a wand of flame (7)
 V - a wand of enslavement (12)
Scrolls
 c - 10 scrolls of identify
 d - 11 scrolls of remove curse
 g - 6 scrolls of fear
 o - 3 scrolls of enchant armour
 p - 6 scrolls of teleportation
 x - 6 scrolls of magic mapping
 A - 5 scrolls of amnesia
 F - 10 scrolls of enchant weapon
 I - 4 scrolls of fog
 T - a scroll of brand weapon
Potions
 h - 2 potions of magic
 j - a potion of ambrosia
 k - 8 potions of flight
 l - 4 potions of degeneration
 m - 11 potions of curing
 n - a potion of might
 q - 2 potions of cancellation
 t - 7 potions of brilliance
 G - 3 potions of attraction
 J - 3 potions of heal wounds
 M - a potion of berserk rage
 N - 2 potions of mutation
 S - 2 potions of haste
 Y - 2 potions of lignification
Miscellaneous
 y - a tin of tremorstones (2/2)
 z - a phial of floods
 O - a condenser vane
 U - a phantom mirror
 X - a phantom mirror


   Skills:
 * Level 12.9 Fighting
 * Level 16.5 Long Blades
 * Level 11.0 Armour
 * Level 9.8 Dodging
 - Level 12.0 Shields
 * Level 11.8 Evocations


You had 16 spell levels left.
You didn't know any spells.
Your spell library contained the following spells:

 Spells                   Type           Power        Failure   Level
 Foxfire                  Conj/Fire      0%           100%        1
 Sting                    Tmut/Pois      0%           100%        1
 Poisonous Vapours        Pois/Air       0%           100%        2
 Conjure Flame            Conj/Fire      0%           100%        3
 Ignite Poison            Fire/Tmut/Pois 0%           100%        3
 Inner Flame              Hex/Fire       0%           100%        3
 Mephitic Cloud           Conj/Pois/Air  0%           100%        3
 Olgreb's Toxic Radiance  Pois           0%           100%        4
 Sticky Flame             Conj/Fire      0%           100%        4
 Summon Lightning Spire   Summ/Air       0%           100%        4
 Fireball                 Conj/Fire      0%           100%        5
 Silence                  Hex/Air        0%           100%        5
 Conjure Ball Lightning   Conj/Air       0%           100%        6
 Tornado                  Air            0%           100%        9


Dungeon Overview and Level Annotations

Branches:
Dungeon (15/15)            Temple (0/1) D:6            Lair (6/6) D:9
 Shoals (0/4) Lair:4       Spider (0/4) Lair:3        Slime (0/5) Lair:6
    Orc (2/2) D:12            Elf (2/3) Orc:2        Vaults (0/5) D:13
 Depths (0/5) D:15        Gauntlet (visited)

Altars:
Cheibriados
Dithmenos
Elyvilon
Fedhas
Gozag
Nemelex Xobeh
Okawaru
Ru
Sif Muna
Trog
Uskayaw
Vehumet
Zin
The Shining One
Beogh
Lugonu

Shops:
D:5 ([}[*   D:10 =[(*   D:12 [:*(   Orc:2 *:[(

Portals:
Abyss: Lair:2

Annotations:
D:6 2 transporters, adept's ghost, novice OpEn
D:7 1 runed translucent door


Innate Abilities, Weirdness & Mutations

You have a pair of large horns on your head.
You are completely covered in molten scales. (AC +4, rF+)
A weak demonic guardian rushes to your aid.
Your flesh is heat resistant. (rF+)
You are immune to clouds of flame.
You possess an exceptional clarity of mind.
You are covered in fur. (AC +1)
You are resistant to electric shocks. (rElec)


Message History

* * * LOW HITPOINT WARNING * * *
You convulse!
* * * LOW HITPOINT WARNING * * *
You slash the +2 dire flail of holy wrath!
The +2 dire flail of holy wrath is almost destroyed.
The +2 dire flail of holy wrath hits you.
* * * LOW HITPOINT WARNING * * *
You convulse.
* * * LOW HITPOINT WARNING * * *
Your shadow imp misses the +2 dire flail of holy wrath.
Your shadow imp misses the +2 bardiche of electrocution.
The +2 dire flail of holy wrath completely misses you.
You riposte.
You hit the +2 dire flail of holy wrath but do no damage.
Your headbutt misses the +2 dire flail of holy wrath.
The +2 dire flail of holy wrath is severely damaged.
You block the +2 bardiche of electrocution's attack.
The +2 dire flail of holy wrath hits you!!
You die...
Your body crumbles into a pile of gold.

.## ##...# #(# ### #.# ..###...##
#)# #.# ...#...## #)# #.###
.......## #####(#############.#..
......(.###.............##.....).
.........##.#.#.#.#.#.#.##.#####.
.........##.....(.......##.# #.
.........#######(###..#.##.# #.
........'##...#.@..##...##># #.
.......#'.'...#.(...#.#....#####.
.......##)'..5(.....#....#.......
.......#'))...#.....#.#.#########
.......))##...#.)).##...###.#####
.........#######'###..#.#........
.........##.......)......#...#..#
.........##.#.#.#.#.#.#.........#
........###.....................#


You could see 2 dancing weapons and a friendly shadow imp (summoned).

Vanquished Creatures
  Jorgrun (D:12)
  Agnes (Elf:2)
  The ghost of Qymaymp the Geomancer, an adept GrEE of Vehumet (D:14)
  An orc warlord (Orc:2)
  A deep elf elementalist (Elf:1)
  2 deep elf demonologists (Elf:2)
  A dire elephant (Lair:3)
  A minotaur (Gauntlet)
  A deep elf death mage (Elf:2)
  7 hydras
  Josephine (Orc:2)
  5 boulder beetles
  2 deep elf high priests (Elf:1)
  4 centaur warriors
  4 catoblepae
  15 death yaks
  The ghost of antidepressant22 the Blocker, a journeyman GrFi of Okawaru (D:12)
  3 tengu warriors
  Urug (D:11)
  3 two-headed ogres
  3 orc high priests
  9 deep elf knights
  Nergalle (Lair:1)
  A wretched star (Gauntlet)
  2 skeletal warriors (D:15)
  5 unseen horrors
  A phantasmal warrior (D:15)
  Pikel (D:9)
  8 orc knights
  13 deep elf archers
  48 deep elf magi
  A mana viper (shapeshifter) (D:9)
  6 orc sorcerers
  A necromancer (D:15)
  3 manticores
  10 ugly things
  3 cyclopes
  6 black mambas
  A water nymph (shapeshifter) (D:15)
  Maurice (D:10)
  A frost giant skeleton (D:15)
  31 elephants
  2 gargoyles
  12 cane toads
  7 rime drakes
  3 kobold demonologists
  5 komodo dragons
  A yaktaur (D:13)
  6 trolls
  A yaktaur skeleton (D:15)
  2 polar bears
  A jumping spider (shapeshifter) (Elf:1)
  A hornet (shapeshifter) (D:13)
  A wind drake (Lair:4)
  A meliai zombie (D:10)
  5 hornets
  18 blink frogs
  An ice dragon zombie (D:15)
  14 slime creatures
  3 spriggans
  An ettin skeleton (D:15)
  3 shadows
  4 water elementals
  4 redbacks (Lair:3)
  A small abomination (Gauntlet)
  3 wraiths (Orc:2)
  A spriggan (shapeshifter) (Elf:1)
  An air elemental (Elf:1)
  A wyvern (D:9)
  3 vampires
  16 humans (D:13)
  2 fire elementals (Elf:1)
  48 yaks
  3 basilisks
  4 vampire mosquitoes (D:15)
  A steam dragon (D:9)
  3 wargs
  3 swamp worms (Gauntlet)
  9 water moccasins
  A soldier ant (D:14)
  9 ice beasts
  2 necrophages (D:8)
  39 orc warriors
  3 phantoms
  11 black bears
  11 ogres
  4 sky beasts
  A boggart (D:12)
  8 wolves (Lair:6)
  6 centaurs
  3 lemures (D:9)
  7 big kobolds
  Blork the orc (D:6)
  An earth elemental (Elf:2)
  20 bullfrogs
  A wyvern zombie (D:9)
  A wyvern skeleton (D:6)
  3 scorpions
  12 killer bees
  21 wights
  3 howler monkeys
  2 electric eels (D:12)
  A bullfrog zombie (D:8)
  3 centaur zombies
  A quasit (D:11)
  4 hounds
  6 jellies
  43 orc wizards
  16 orc priests
  2 bullfrog skeletons
  Jessica (D:2)
  3 centaur skeletons
  Ijyb (D:3)
  4 iguanas
  13 worker ants
  A bullfrog simulacrum (D:9)
  2 hound skeletons
  Robin (D:2)
  A howler monkey zombie (D:9)
  2 worker ant zombies (D:5)
  4 gnolls
  A howler monkey skeleton (D:4)
  14 adders
  3 shadow imps
  2 white imps (D:6)
  An ooze (Lair:6)
  2 ufetubi
  An adder skeleton (D:7)
  2 worms
  2 dart slugs (D:1)
  6 leopard geckos
  115 orcs
  10 bats
  7 giant cockroaches
  13 goblins
  13 hobgoblins
  16 jackals
  3 quokkas
  6 ball pythons
  3 frilled lizards
  A giant cockroach zombie (D:5)
  A jackal zombie (D:8)
  44 kobolds
  A leopard gecko zombie (D:5)
  2 quokka skeletons
  4 rats
  2 lurking horrors (Lair:2)
961 creatures vanquished.

Vanquished Creatures (collateral kills)
  Nessos (Lair:4)
  A catoblepas (Lair:6)
  2 dancing weapons (Elf:2)
  2 deep elf archers
  An orc knight (D:14)
  3 deep elf magi
  2 elephants
  A cane toad (Lair:4)
  A blink frog (Lair:6)
  2 yaks
  A fire elemental (Elf:2)
  A water moccasin (Lair:6)
  An orc warrior (Orc:2)
  A wolf (D:12)
  A bullfrog (Lair:3)
  An ooze (Lair:6)
  A kobold (D:12)
23 creatures vanquished.

Vanquished Creatures (others)
  19 dancing weapons
  2 deep elf knights (Elf:2)
  An orc wizard (Elf:2)
  30 fungi
  30 plants
  A withered plant (D:15)
83 creatures vanquished.

Grand Total: 1067 creatures vanquished

Notes
Turn   | Place    | Note
-------+----------+-------------------------------------------
     0 | D:1      | Amaterasu the Demonspawn Fighter began the quest for the
                  | Orb.
     0 | D:1      | Reached XP level 1. HP: 18/18 MP: 1/1
   313 | D:1      | Reached skill level 2 in Long Blades
   332 | D:1      | Gained mutation: You are partially covered in molten
                  | scales. (AC +2) [demonic ancestry]
   332 | D:1      | Reached XP level 2. HP: 7/24 MP: 2/2
  1028 | D:1      | Reached XP level 3. HP: 30/30 MP: 3/3
  1563 | D:2      | Noticed Robin
  1572 | D:2      | Killed Robin
  1573 | D:2      | Reached skill level 3 in Long Blades
  1573 | D:2      | Reached XP level 4. HP: 26/37 MP: 4/4
  1732 | D:2      | Noticed Jessica
  1738 | D:2      | Killed Jessica
  1971 | D:2      | Found an opulent altar of Gozag.
  1978 | D:2      | Became a worshipper of Gozag Ym Sagoz the Greedy
  2000 | D:2      | Found a glowing silver altar of Zin.
  2376 | D:3      | Gained mutation: You have a pair of small horns on your
                  | head. [demonic ancestry]
  2376 | D:3      | Reached XP level 5. HP: 35/42 MP: 5/5
  2475 | D:3      | Reached skill level 4 in Long Blades
  2501 | D:3      | Noticed Ijyb
  2555 | D:3      | Killed Ijyb
  3018 | D:3      | Found a sacrificial altar of Ru.
  3026 | D:3      | Gained mutation: You have a pair of horns on your head.
                  | [demonic ancestry]
  3026 | D:3      | Reached XP level 6. HP: 45/49 MP: 6/6
  3233 | D:3      | You fall into a shaft and drop 2 floors!
  3233 | D:5      | Entered Level 5 of the Dungeon
  3236 | D:5      | Noticed a sky beast
  3251 | D:5      | Found Cefrodgh's Armour Shoppe.
  3271 | D:4      | Reached skill level 5 in Long Blades
  3392 | D:4      | Reached skill level 5 in Fighting
  4404 | D:4      | Found a shadowy altar of Dithmenos.
  4404 | D:4      | Found a faded altar of an unknown god.
  4413 | D:4      | Found a faded altar of an unknown god.
  4415 | D:4      | Found a radiant altar of Vehumet.
  4417 | D:4      | Found a snail-covered altar of Cheibriados.
  4543 | D:5      | Reached XP level 7. HP: 52/56 MP: 7/7
  4665 | D:5      | Reached skill level 1 in Evocations
  4715 | D:5      | Found Itawuon's Armour Shop.
  4752 | D:5      | Found Faoseho's Gadget Shop.
  4808 | D:5      | Reached skill level 1 in Dodging
  5150 | D:5      | Found Vudexesm's Assorted Antiques.
  5153 | D:5      | Bought a bubbling grey potion for 16 gold pieces
  5153 | D:5      | Bought a bubbling grey potion for 16 gold pieces
  5330 | D:5      | Found Seub's Antique Weapon Boutique.
  5388 | D:5      | Reached skill level 6 in Long Blades
  5798 | D:5      | Bought a wand of acid (12) for 352 gold pieces
  5798 | D:5      | Bought a wand of acid (10) for 308 gold pieces
  6008 | D:6      | Found a transporter.
  6008 | D:6      | Noticed a two-headed ogre
  6041 | D:6      | Noticed adept's ghost (novice OpEn)
  6043 | D:6      | Found a transporter.
  6062 | D:6      | Gained mutation: You are mostly covered in molten scales.
                  | (AC +3) [demonic ancestry]
  6062 | D:6      | Reached XP level 8. HP: 64/64 MP: 8/8
  6310 | D:6      | Found a staircase to the Ecumenical Temple.
  6324 | D:6      | Reached skill level 7 in Long Blades
  6508 | D:6      | Noticed Blork the orc
  6539 | D:6      | Killed Blork the orc
  6821 | D:6      | Found an iron altar of Okawaru.
  6821 | D:6      | Found a bloodstained altar of Trog.
  7091 | D:7      | Found a runed translucent door.
  7091 | D:7      | Noticed an angel
  7095 | D:7      | Found a glowing golden altar of the Shining One.
  7138 | D:7      | Reached XP level 9. HP: 57/69 MP: 9/9
  7325 | D:7      | Reached skill level 8 in Long Blades
  8078 | D:8      | Noticed a two-headed ogre
  8090 | D:8      | Killed a two-headed ogre
  8091 | D:8      | Reached skill level 9 in Long Blades
  8104 | D:8      | Noticed a troll
  8117 | D:8      | Killed a troll
  8118 | D:8      | Reached skill level 10 in Long Blades
  8416 | D:8      | Gained mutation: Your flesh is heat resistant. (rF+)
                  | [demonic ancestry]
  8416 | D:8      | Reached XP level 10. HP: 69/77 MP: 10/10
  9536 | D:9      | Reached skill level 11 in Long Blades
  9542 | D:9      | Found a staircase to the Lair.
  9981 | D:9      | Noticed a two-headed ogre
  9996 | D:9      | Killed a two-headed ogre
 10439 | D:9      | Found a sparkling altar of Nemelex Xobeh.
 10442 | D:9      | Found a shimmering blue altar of Sif Muna.
 10465 | D:9      | Found a white marble altar of Elyvilon.
 10468 | D:9      | Found a hide-covered altar of Uskayaw.
 10613 | D:9      | Noticed Pikel
 10627 | D:9      | Killed Pikel
 10842 | D:9      | Got a bloodstained falchion
 10843 | D:9      | Identified the +6 falchion "Obygg" {vorpal, +Blink Will+}
                  | (You found it on level 9 of the Dungeon)
 11175 | D:9      | Noticed a boulder beetle
 11228 | D:9      | Killed a boulder beetle
 11229 | D:9      | Reached skill level 5 in Evocations
 11229 | D:9      | Reached XP level 11. HP: 32/87 MP: 11/11
 11560 | D:9      | Reached skill level 12 in Long Blades
 11736 | D:9      | Noticed a mana viper
 11744 | D:9      | Killed a mana viper
 12170 | D:10     | Entered Level 10 of the Dungeon
 12242 | D:10     | Found Ruvois's Weapon Shop.
 12385 | D:10     | Bought the +9 falchion of Xuimp {vamp, Will+ Int+3} for
                  | 1166 gold pieces
 12490 | D:10     | Noticed Maurice
 12497 | D:10     | Paralysed by a hornet for 1 turns
 12595 | D:10     | Found Sigah's General Store.
 12707 | D:10     | Found Noanuang's Jewellery Boutique.
 13183 | D:10     | Killed Maurice
 13199 | D:10     | Found Xomopiw's Antique Armour Boutique.
 13510 | D:10     | Bought a +6 ring of strength for 643 gold pieces
 13520 | D:10     | Bought 2 scrolls of enchant weapon for 255 gold pieces
 13650 | Lair:1   | Entered Level 1 of the Lair of Beasts
 13670 | Lair:1   | Noticed Nergalle
 13683 | Lair:1   | Killed Nergalle
 13693 | Lair:1   | Reached skill level 5 in Armour
 13695 | Lair:1   | Reached skill level 5 in Shields
 14468 | Lair:1   | Gained mutation: You have a pair of large horns on your
                  | head. [demonic ancestry]
 14468 | Lair:1   | Reached XP level 12. HP: 97/97 MP: 12/12
 14569 | Lair:1   | Reached skill level 10 in Fighting
 15587 | Lair:2   | Found a one-way gate to the infinite horrors of the Abyss.
 15590 | Lair:2   | Found a corrupted altar of Lugonu.
 16149 | Lair:3   | Noticed a death yak
 16149 | Lair:3   | Noticed a death yak
 16150 | Lair:3   | Noticed a death yak
 16151 | Lair:3   | Noticed a death yak
 16152 | Lair:3   | Noticed a death yak
 16176 | Lair:3   | Killed a death yak
 16181 | Lair:3   | Killed a death yak
 16188 | Lair:3   | Killed a death yak
 16189 | Lair:3   | Reached skill level 5 in Dodging
 16193 | Lair:3   | Killed a death yak
 16195 | Lair:3   | Killed a death yak
 16676 | Lair:3   | Gained mutation: A weak demonic guardian rushes to your
                  | aid. [demonic ancestry]
 16676 | Lair:3   | Reached XP level 13. HP: 98/103 MP: 9/13
 16738 | Lair:3   | Noticed a dire elephant
 16754 | Lair:3   | Killed a dire elephant
 17365 | Lair:3   | Found a hole to the Spider Nest.
 17995 | Lair:3   | Gained mutation: You do not regenerate when monsters are
                  | visible. [potion of mutation]
 17995 | Lair:3   | Gained mutation: You can translocate small distances at
                  | will. [potion of mutation]
 17996 | Lair:3   | Lost mutation: You can translocate small distances at will.
                  | [potion of mutation]
 17996 | Lair:3   | Gained mutation: Your magical capacity is low. (-10% MP)
                  | [potion of mutation]
 17996 | Lair:3   | Gained mutation: You are occasionally teleported next to
                  | monsters. [potion of mutation]
 17996 | Lair:3   | Gained mutation: You are frail. (-10% HP) [potion of
                  | mutation]
 17996 | Lair:3   | Gained mutation: Your muscles are strong. (Str +2) [potion
                  | of mutation]
 17997 | Lair:3   | Lost mutation: You do not regenerate when monsters are
                  | visible. [potion of mutation]
 17997 | Lair:3   | Lost mutation: You are frail. (-10% HP) [potion of
                  | mutation]
 17997 | Lair:3   | Gained mutation: Scrolls take you a little longer to read.
                  | [potion of mutation]
 17997 | Lair:3   | Gained mutation: You possess an exceptional clarity of
                  | mind. [potion of mutation]
 18128 | Lair:4   | Reached skill level 13 in Long Blades
 18367 | Lair:4   | Found a staircase to the Shoals.
 18446 | Lair:4   | Noticed Nessos
 18459 | Lair:4   | Killed Nessos
 20350 | Lair:6   | Entered Level 6 of the Lair of Beasts
 20356 | Lair:6   | Reached XP level 14. HP: 110/113 MP: 12/12
 20473 | Lair:6   | Found a staircase to the Slime Pits.
 20519 | Lair:6   | Reached skill level 14 in Long Blades
 22756 | Lair:4   | Lost mutation: Scrolls take you a little longer to read.
                  | [potion of mutation]
 22756 | Lair:4   | Lost mutation: You are occasionally teleported next to
                  | monsters. [potion of mutation]
 22756 | Lair:4   | Lost mutation: Your magical capacity is low. (-10% MP)
                  | [potion of mutation]
 22756 | Lair:4   | Lost mutation: Your muscles are strong. (Str +2) [potion of
                  | mutation]
 22756 | Lair:4   | Gained mutation: You are resistant to electric shocks.
                  | (rElec) [potion of mutation]
 22756 | Lair:4   | Gained mutation: You are covered in fur. (AC +1) [potion of
                  | mutation]
 23263 | D:11     | Noticed Urug
 23282 | D:11     | Killed Urug
 23902 | D:12     | Found Uguogiji's Assorted Antiques.
 23956 | D:12     | Found a runed translucent door.
 23958 | D:12     | Identified the cursed +3 spear "Ijoumub" {vorpal, Dex+4}
 24073 | D:12     | Found Piwofif's Book Shoppe.
 24227 | D:12     | Found Ynnienk's Armour Boutique.
 24243 | D:12     | Bought a +4 chain mail of willpower for 504 gold pieces
 24470 | D:12     | Noticed Jorgrun
 24495 | D:12     | Killed Jorgrun
 24496 | D:12     | Gained mutation: You are completely covered in molten
                  | scales. (AC +4, rF+) [demonic ancestry]
 24496 | D:12     | Reached XP level 15. HP: 86/120 MP: 15/15
 24727 | D:12     | Noticed antidepressant22's ghost (journeyman GrFi)
 24754 | D:12     | Found a staircase to the Orcish Mines.
 24808 | D:12     | Found Jiemi's Weapon Emporium.
 25174 | D:12     | Killed antidepressant22's ghost
 25301 | D:12     | Bought a +2 pair of boots for 264 gold pieces
 25312 | D:13     | Found a gate to the Vaults.
 25339 | D:13     | Reached skill level 10 in Shields
 25419 | D:13     | Found a gate leading to a gauntlet.
 25455 | Gauntlet | Entered a Gauntlet
 25455 | Gauntlet | Found a transporter.
 25455 | Gauntlet | Found a transporter.
 25455 | Gauntlet | Found a transporter.
 25466 | Gauntlet | Found a transporter.
 25468 | Gauntlet | Found a transporter.
 25472 | Gauntlet | Found a runed translucent door.
 25474 | Gauntlet | Found a runed translucent door.
 25476 | Gauntlet | Found a transporter.
 25479 | Gauntlet | Found a transporter.
 25487 | Gauntlet | Found a transporter.
 25501 | Gauntlet | Found a large runed translucent door.
 25502 | Gauntlet | Found a large runed translucent door.
 25503 | Gauntlet | Found a large runed translucent door.
 25503 | Gauntlet | Found a large runed translucent door.
 25504 | Gauntlet | Found a runed translucent gate.
 25505 | Gauntlet | Found a transporter.
 25505 | Gauntlet | Found a runed translucent gate.
 25506 | Gauntlet | Found a runed translucent gate.
 25507 | Gauntlet | Found a large runed translucent door.
 25507 | Gauntlet | Found a large runed translucent door.
 25508 | Gauntlet | Found a large runed translucent door.
 25509 | Gauntlet | Found a large runed translucent door.
 25518 | Gauntlet | Found a large runed translucent door.
 25518 | Gauntlet | Found a large runed translucent door.
 25518 | Gauntlet | Found a runed translucent door.
 25518 | Gauntlet | Found a runed translucent door.
 25519 | Gauntlet | Found a large runed translucent door.
 25520 | Gauntlet | Found a large runed translucent door.
 25522 | Gauntlet | Found a transporter.
 25525 | Gauntlet | Found a transporter.
 25535 | Gauntlet | Found a transporter.
 25586 | Gauntlet | Found a large runed translucent door.
 25587 | Gauntlet | Found a large runed translucent door.
 25588 | Gauntlet | Found a large runed translucent door.
 25588 | Gauntlet | Found a large runed translucent door.
 25750 | Gauntlet | Got a translucent steel ring
 25914 | Gauntlet | Reached skill level 10 in Armour
 26171 | Gauntlet | Identified the ring "Zor Nauritsu" {Wiz Int+2} (You found
                  | it in a Gauntlet)
 26474 | D:13     | Reached skill level 15 in Long Blades
 27357 | D:14     | Identified the +5 great sword of Defence {vamp, +Blink rN+
                  | Will+} (You found it on level 14 of the Dungeon)
 27795 | D:14     | Found a runed translucent gate.
 27800 | D:14     | Noticed Qymaymp's ghost (adept GrEE)
 27801 | D:14     | Found a runed translucent gate.
 27801 | D:14     | Identified the +3 chain mail "Binemny" {Dex+3}
 27802 | D:14     | Found a runed translucent gate.
 27808 | D:14     | Found a roughly hewn altar of Beogh.
 27926 | D:14     | Found a blossoming altar of Fedhas.
 28303 | D:14     | Killed Qymaymp's ghost
 28544 | D:14     | Identified a scroll of acquirement
 28544 | D:14     | Acquired the amulet "Riast" {RegenMP rF+ rN+ Will++ Stlth-}
 28602 | D:15     | Entered Level 15 of the Dungeon
 28836 | D:15     | Found a staircase to the Depths.
 28923 | D:15     | Reached skill level 16 in Long Blades
 28934 | D:15     | Reached skill level 10 in Evocations
 28954 | D:15     | Reached XP level 16. HP: 60/127 MP: 16/16
 29563 | Orc:1    | Entered Level 1 of the Orcish Mines
 29982 | Orc:2    | Entered Level 2 of the Orcish Mines
 29991 | Orc:2    | Noticed Josephine
 30021 | Orc:2    | Killed Josephine
 30337 | Orc:2    | Found a roughly hewn altar of Beogh.
 30340 | Orc:2    | Found Noogose's Book Shoppe.
 30353 | Orc:2    | Found Woudet's Antique Weapon Shoppe.
 30366 | Orc:2    | Found Epag's Antique Armour Shoppe.
 30692 | Orc:2    | Found a staircase to the Elven Halls.
 30835 | Orc:2    | Found Ighoav's General Store.
 30842 | Orc:2    | Bought a +1 pair of boots of running for 584 gold pieces
 30874 | Elf:1    | Entered Level 1 of the Elven Halls
 33402 | Elf:2    | Found a runed translucent gate.
 33403 | Elf:2    | Found a runed translucent gate.
 33403 | Elf:2    | Found a runed translucent gate.
 33593 | Elf:2    | Gained mutation: You are immune to clouds of flame.
                  | [demonic ancestry]
 33593 | Elf:2    | Reached XP level 17. HP: 99/135 MP: 17/17
 34967 | Elf:2    | Noticed Agnes
 34995 | Elf:2    | Killed Agnes
 35205 | Elf:2    | Slain by a +2 dire flail of holy wrath

Illustrated notes

Levels and vault maps discovered:
D:1:      dpeg_arrival_solitude, layout_basic
D:2:      layout_basic, pdpol_temple_overflow_zin_treasury_gozag_greed,
          minmay_3d_cube, uniq_jessica, uniq_robin
D:3:      layout_basic, nicolae_ru_great_annihilating_truth, uniq_ijyb
D:4:      layout_cave_pools, chequers_temple_overflow_minitemple,
          kennysheep_generic_room_16
D:5:      layout_basic, serial_shops, nicolae_shop_crystal, shop_statue,
          nicolae_shop_window_shopping, shop, kennysheep_mini_moat,
          chequers_serial_rivers_room_b, minmay_fractal_squares_diagonal_5
D:6:      layout_loops_ring, grunt_temple_overflow_bloody_war,
          minmay_temple_entry_wispy, gammafunk_ghost_arena, grunt_ministairs_6,
          uniq_blork_the_orc
D:7:      layout_rooms, lemuel_angel_altar
D:8:      layout_cave_pools, minmay_tree_intersection, kennysheep_kite_vault
D:9:      minmay_klotski, layout_cave_pods, grunt_temple_overflow_cloverleaf,
          lair_entry_dummy, uniq_pikel
D:10:     minmay_goldmine, layout_irregular_city, serial_shops, shop_coins,
          kennysheep_mini, shop, nicolae_shop_temple_entry_statues_fountains,
          uniq_maurice
D:11:     layout_long_grid, uniq_urug
D:12:     layout_basic, david_orc_2, ebering_ghost_funeral_grove, serial_shops,
          shop, nicolae_shop_temple_entry_statues_fountains, shop,
          nicolae_shop_waterfront, uniq_jorgrun
D:13:     layout_stronghold, david_vaults_3, gauntlet_entry_generic
D:14:     layout_loops_ring, biasface_ghost_orc_armoury, fedhas_altar_4
D:15:     gammafunk_depths_entry_grave, layout_rooms
Lair:1:   layout_cave_pods, beast_lair_carwin_8, grunt_megastairs_4,
          lemuel_fruit_fields, uniq_nergalle
Lair:2:   layout_regular_city, amcnicky_altar_lugonu_corruption
Lair:3:   mu_elephants_graveyard, layout_long_grid, spider_nest_entry_webs,
          st_stairs_4, beast_lair_carwin_5
Lair:4:   layout_roguey, minmay_shoals_entry_beasts, uniq_nessos
Lair:5:   layout_small_grid
Lair:6:   evilmike_catoblepas_cave, layout_cave_pods,
          nicolae_slime_entry_slimehenge
Orc:1:    layout_caves
Orc:2:    grunt_orc_cross, layout_caves, minmay_orc_barracks, uniq_josephine
Elf:1:    eino_elf_arrival_the_gate, layout_geoelf_grid,
          kennysheep_underground_church, grunt_megastairs_2
Elf:2:    layout_loops_corners, uniq_agnes

Skill      XL: |  1  2  3  4  5  6  7  8  9 10 11 12 13 14 15 16 17 |
---------------+----------------------------------------------------+-----
Long Blades    | 2 3 4 5 6 7 10 11 12 13 14 16 | 16.5
Fighting       | 4 5 6 8 9 10 11 12 | 12.9
Armour         | 3 4 5 8 9 10 11 | 11.0
Evocations     | 1 3 4 5 7 8 10 11 | 11.8
Shields        | 3 4 5 8 9 10 11 12 | 12.0
Dodging        | 1 2 3 4 5 7 9 |  9.8

Action                   |  1- 3 |  4- 6 |  7- 9 | 10-12 | 13-15 | 16-18 || total
-------------------------+-------+-------+-------+-------+-------+-------++-------
Melee: Long sword        |   132 |   236 |   398 |   242 |       |       ||  1008
       Headbutt          |       |    30 |    69 |   199 |   515 |   211 ||  1024
       Falchion          |       |       |       |   543 |  1445 |   902 ||  2890
Invok: Potion Petition   |       |       |     1 |       |     4 |       ||     5
Evoke: Wand              |       |       |     6 |     7 |    26 |     9 ||    48
       Phial of floods   |       |       |       |       |     1 |     1 ||     2
       Tin of tremorston |       |       |       |       |     4 |     1 ||     5
       Condenser vane    |       |       |       |       |     1 |     1 ||     2
       Phantom mirror    |       |       |       |       |     1 |       ||     1
  Use: Scroll            |     7 |     4 |    10 |     2 |    12 |     1 ||    36
       Potion            |       |       |     3 |     4 |     8 |     3 ||    18
 Stab: Paralysed         |       |     2 |       |       |       |     2 ||     4
       Distracted        |       |       |     3 |     5 |    14 |    10 ||    32
       Invisible         |       |       |       |       |     1 |       ||     1
Armor: Scale mail        |    86 |   126 |   166 |    13 |       |       ||   391
       Skin              |       |       |    19 |    41 |       |       ||    60
       Chain mail        |       |       |       |   279 |   381 |   267 ||   927
Dodge: Dodged            |    55 |    62 |    81 |   161 |   272 |   136 ||   767
Block: Kite shield       |    91 |   117 |   180 |   332 |   241 |       ||   961
       Tower shield      |       |       |       |       |   471 |   614 ||  1085
       Rpst.: Long sword |    17 |    20 |    24 |    15 |       |       ||    76
       Falchion          |       |       |       |    31 |    78 |    31 ||   140
